Cogmind - Beta 10.2 @@@ ROGUE MODE // 2020.10.31 @ 11:06:01 // Halloween2020/ForbiddenLore Player: Pimski Result: Destroyed by G-67 Veteran with Plasma Rifle Performance ------------- Evolutions (5) 2500 Regions Visited (21) 4200 Robots Destroyed (46) 230 Value Destroyed (2100) 2100 Prototype IDs (42) 840 Alien Tech Used (0) 0 Bonus (2260) 2260 TOTAL SCORE: 12130 Bonus ------- High Alert Combat Kills 73 Follower Combat Kills 703 Network Hubs Disabled 600 Aligned with FarCom 300 Met Data Miner 300 Met Imprinter 300 Friendly Fire -16 Cogmind --------- Core Integrity 0/1000 Matter 207/300 Energy 81/100 System Corruption 48% Temperature Cool (13) Movement Core (50) Location -5/Hub_04(d) Parts ------- > --- POWER (1) -------- (None) > --- PROPULSION (5) --- (None) > --- UTILITY (9) ------ Improved Melee Analysis Suite Armor Integrity Analyzer > --- WEAPON (2) ------- (None) > --- INVENTORY (4) ---- Hypervelocity Gauss Rifle Railgun Plasma Sword Peak State ------------ > --- POWER ------------ Quantum Reactor > --- PROPULSION ------- Centrium Heavy Treads Centrium Heavy Treads Gyrokinetic Inverter > --- UTILITY ---------- Advanced Heat Sink Advanced Heat Sink Advanced Heat Sink Enhanced Optical Array Transport Network Coupler Improved Melee Analysis Suite Hardened Light Armor Plating Centrium Medium Armor Plating > --- WEAPON ----------- Improved KE Penetrator Ionic Axe > --- INVENTORY -------- Improved Ion Engine Quantum Reactor Hardened Medium Armor Plating Wave Gun [Rating: 103] Favorites ----------- Power Light Ion Engine Engine Light Ion Engine Power Core Micro Nuclear Core Reactor Quantum Reactor Propulsion Centrium Heavy Treads Treads Centrium Heavy Treads Leg Aluminum Leg Hover Unit Gyrokinetic Inverter Flight Unit VTOL Module Utility Improved Melee Analysis Suite Device Advanced Heat Sink Storage Large Storage Unit Processor Improved Melee Analysis Suite Hackware System Shield Protection Centrium Medium Armor Plating Weapon Ionic Axe Energy Gun Wave Gun Ballistic Gun Improved KE Penetrator Ballistic Cannon Advanced Assault Cannon Launcher Mini Grenade Launcher Slashing Weapon Ionic Axe Special Melee Weapon Improved Datajack Build | -11 -10 -9 -9 -9 -8 -8 -7 -7 -7 -7 -6 -6 -6 -6 -6 -5 -5 -5 -5 -5 -5 ------- Run | Scr Mat Mat Min Exi Min Mat Fac Low Low Dat Pro Fac Low Low Zio Pro Fac Ext Cet Arc Hub Slots Evolved 10 | . . 2 . . . 2 2 . . . . 2 . . . . 2 . . . . Power . | . . . . . . . . . . . . . . . . . . . . . . Propulsion 3 | . . 1 . . . 1 1 . . . . . . . . . . . . . . Utility 7 | . . 1 . . . 1 1 . . . . 2 . . . . 2 . . . . Weapon . | . . . . . . . . . . . . . . . . . . . . . . Parts Attached 74 | . 2 1 2 3 2 4 5 . 1 . 1 2 . . . . 9 15 13 4 10 Power 4 | . . . . 1 . . . . . . . . . . . . . 2 1 . . Engine 1 | . . . . 1 . . . . . . . . . . . . . . . . . Core 2 | . . . . . . . . . . . . . . . . . . 2 . . . Reactor 1 | . . . . . . . . . . . . . . . . . . . 1 . . Propulsion 18 | . 2 1 . . . 1 . . . . 1 . . . . . . 7 3 . 3 Treads 7 | . 2 . . . . . . . . . . . . . . . . . 3 . 2 Leg . | . . . . . . . . . . . . . . . . . . . . . . Wheel . | . . . . . . . . . . . . . . . . . . . . . . Hover 8 | . . . . . . . . . . . 1 . . . . . . 7 . . . Flight 3 | . . 1 . . . 1 . . . . . . . . . . . . . . 1 Utility 27 | . . . . 2 . 3 2 . 1 . . 2 . . . . 5 3 7 2 . Device 6 | . . . . 1 . . . . . . . . . . . . 2 . 3 . . Storage 1 | . . . . . . . . . . . . . . . . . . 1 . . . Processor 10 | . . . . 1 . 1 . . 1 . . 2 . . . . 3 1 1 . . Hackware 3 | . . . . . . 1 2 . . . . . . . . . . . . . . Protection 7 | . . . . . . 1 . . . . . . . . . . . 1 3 2 . Artifact . | . . . . . . . . . . . . . . . . . . . . . . Weapon 25 | . . . 2 . 2 . 3 . . . . . . . . . 4 3 2 2 7 Energy Gun 1 | . . . . . . . . . . . . . . . . . . . 1 . . Energy Cannon . | . . . . . . . . . . . . . . . . . . . . . . Ballistic Gun 9 | . . . 1 . . . . . . . . . . . . . . . 1 2 5 Ballistic Cannon 1 | . . . . . . . 1 . . . . . . . . . . . . . . Launcher 6 | . . . 1 . 2 . 1 . . . . . . . . . 1 1 . . . Special Weapon . | . . . . . . . . . . . . . . . . . . . . . . Impact Weapon . | . . . . . . . . . . . . . . . . . . . . . . Slashing Weapon 7 | . . . . . . . . . . . . . . . . . 3 2 . . 2 Piercing Weapon . | . . . . . . . . . . . . . . . . . . . . . . Special Melee Weapon 1 | . . . . . . . 1 . . . . . . . . . . . . . . Unidentified Prototypes 5 | . . . . . . . . . . . . . . . . . 2 . 3 . . Parts Lost 31 | . . . . . . . . . . . 1 . 2 6 2 . 1 10 1 . 8 Power 2 | . . . . . . . . . . . . . 1 . . . . 1 . . . Propulsion 11 | . . . . . . . . . . . 1 . . 2 . . . 4 . . 4 Utility 13 | . . . . . . . . . . . . . . 3 2 . . 4 1 . 3 Weapon 5 | . . . . . . . . . . . . . 1 1 . . 1 1 . . 1 Highest Loss Streak 6 | . . . . . . . . . . . 1 . 2 6 2 . 1 5 1 . 3 Average Slot Usage (%) 57 | . 57 46 55 49 48 37 59 69 69 76 75 72 80 64 21 13 32 52 71 82 72 Engine 2 | . . . . 6 11 9 7 7 7 7 7 6 6 . . . . . . . . Reactor 1 | . . . . . . . . . . . . . . . . . . . 4 5 4 Treads 6 | . 8 22 22 22 22 4 . . . . . . . . . . . . 12 17 16 Hover 2 | . . . . . . . . . . . 1 6 6 6 . . . 11 1 . . Flight 4 | . . 2 11 11 11 15 15 15 15 15 13 6 6 4 . . . . . . . Device 3 | . . . . . . . . . . . . . . . . . 3 1 12 14 9 Processor 14 | . . . . . . . 7 7 7 15 15 19 26 26 13 13 27 23 20 18 11 Hackware 5 | . . . . . . 3 14 23 23 23 23 20 20 20 8 . . . . . . Protection 5 | . . . . . . 4 . . . . . . . . . . . 2 8 15 18 Ballistic Gun 3 | . 28 22 20 10 . . . . . . . . . . . . . . 1 1 9 Launcher 1 | . . . 1 . 4 . 6 7 7 7 7 6 6 . . . . . . . . Slashing Weapon 1 | . . . . . . . . . . . . . . . . . . 4 5 5 . Special Melee Weapon 1 | . . . . . . . . 7 7 7 7 6 6 6 . . . . . . . Naked Turns . | . . . . . . . . . . . . . . . . . . . . . . Heaviest Build 69 | 2 2 2 2 3 3 11 11 5 5 5 5 5 5 1 . . 1 33 45 67 69 Greatest Support 188 | 3 3 3 40 3 3 11 11 11 11 11 11 5 5 5 3 3 3 80 180 180 188 Greatest Overweight (x) 3 | . . . . . . . . . . . . . . . . . . 3 1 . 1 Average Overweight (x) . | . . . . . . . . . . . . . . . . . . . . . . Largest Inventory Capacity 10 | 6 4 4 4 4 4 4 4 4 4 4 4 4 4 4 4 4 4 10 4 4 4 Average Capacity 4 | 4 4 4 4 4 4 4 4 4 4 4 4 4 4 4 4 4 4 6 4 4 4 Most Carried 5 | 5 4 4 4 4 4 4 4 4 4 4 4 4 4 4 4 4 4 3 4 4 4 Average Carried 3 | 4 3 4 4 3 3 4 3 4 4 4 4 4 4 4 4 4 3 1 3 3 3 Final Capacity 4 | 4 4 4 4 4 4 4 4 4 4 4 4 4 4 4 4 4 4 4 4 4 4 Final Carried 4 | 4 4 4 4 4 4 4 4 4 4 4 4 4 4 4 4 4 3 3 4 4 3 Class Distribution -------------------- 32% | Mutant 26% | Hacker-Mutant 20% | Scavenger-Mutant 11% | Scout 7% | Scavenger-Assassin Dominant Class ---------------- Mutant | -10/Materials Mutant | -9/Materials Mutant | -9/Mines Mutant | -9/Exiles Mutant | -8/Mines Mutant | -8/Materials Hacker-Mutant | -7/Factory Hacker-Mutant | -7/Lower Caves Hacker-Mutant | -7/Lower Caves Hacker-Mutant | -7/Data Miner Hacker-Mutant | -6/Proximity Caves Hacker-Mutant | -6/Factory Hacker-Mutant | -6/Lower Caves Hacker-Mutant | -6/Lower Caves Hacker-Mutant | -6/Zion Mutant | -5/Proximity Caves Mutant | -5/Factory Scout | -5/Extension Scavenger-Assassin | -5/Cetus Scavenger-Assassin | -5/Archives Scavenger-Mutant | -5/Hub_04(d) Resources | -11 -10 -9 -9 -9 -8 -8 -7 -7 -7 -7 -6 -6 -6 -6 -6 -5 -5 -5 -5 -5 -5 ----------- Run | Scr Mat Mat Min Exi Min Mat Fac Low Low Dat Pro Fac Low Low Zio Pro Fac Ext Cet Arc Hub Matter Collected 1696 | 200 9 . 21 . . 168 30 . 28 . 40 . 30 . 15 . . 295 205 109 546 Remotely . | . . . . . . . . . . . . . . . . . . . . . . Salvage Created 1668 | . 49 . 125 . 15 . . . . . . . . . . . 74 359 66 . 980 Parts 84 | . 1 . 12 . 5 . . . . . . . . . . . 11 9 1 . 45 Haulers Intercepted 1 | . . . . . . . . . . . . . . . . . . 1 . . . Recyclers Shooed 2 | . 1 . . . . . . . . . . . . . . . . . . . 1 Parts Field Recycled . | . . . . . . . . . . . . . . . . . . . . . . Retrieved Matter . | . . . . . . . . . . . . . . . . . . . . . . Parts Self-Destructed 6 | . . . . . . . . . . . 6 . . . . . . . . . . Prevented . | . . . . . . . . . . . . . . . . . . . . . . Kills | -11 -10 -9 -9 -9 -8 -8 -7 -7 -7 -7 -6 -6 -6 -6 -6 -5 -5 -5 -5 -5 -5 ------- Run | Scr Mat Mat Min Exi Min Mat Fac Low Low Dat Pro Fac Low Low Zio Pro Fac Ext Cet Arc Hub Combat Hostiles Destroyed 37 | . . . 4 . 6 . . . . . . . . . . . 4 6 1 . 16 Melee 4 | . . . . . . . . . . . . . . . . . . 2 1 . 1 Guns 12 | . . . . . . . . . . . . . . . . . . . . . 12 AOE 18 | . . . 4 . 6 . . . . . . . . . . . 4 4 . . . Classes Destroyed 11 | . 1 . 2 . 1 . . . . . . . . . . . 1 3 . . 3 Worker 3 | . . . 1 . . . . . . . . . . . . . . 1 . . 1 Builder 2 | . . . . . . . . . . . . . . . . . 1 . . . 1 Hauler 1 | . . . . . . . . . . . . . . . . . . 1 . . . Recycler 1 | . 1 . . . . . . . . . . . . . . . . . . . . Watcher 2 | . . . . . . . . . . . . . . . . . . . . . 2 Swarmer 13 | . . . . . 6 . . . . . . . . . . . 4 . . . 3 Grunt 15 | . . . 4 . . . . . . . . . . . . . . 4 . . 7 Brawler 1 | . . . . . . . . . . . . . . . . . . 1 . . . Protector 1 | . . . . . . . . . . . . . . . . . . . . . 1 Sentry 3 | . . . . . . . . . . . . . . . . . . 1 . . 2 Programmer 3 | . . . . . . . . . . . . . . . . . . . . . 3 Cetus Guard 1 | . . . . . . . . . . . . . . . . . . . 1 . . Best Kill Streak 6 | . 1 . 4 . 6 . . . . . . . . . . . 5 3 1 . 6 Combat Bots Only 6 | . . . 4 . 6 . . . . . . . . . . . 4 3 1 . 4 Max Kills in Single Turn 3 | . 1 . 2 . 2 . . . . . . . . . . . 3 2 1 . 2 Gunslinging 1 | . . . . . . . . . . . . . . . . . . . . . 1 Exploded 3 | . . . 2 . 2 . . . . . . . . . . . 3 2 . . . Melee 1 | . . . . . . . . . . . . . . . . . . 1 1 . 1 Uniques/NPCs Destroyed . | . . . . . . . . . . . . . . . . . . . . . . Combat | -11 -10 -9 -9 -9 -8 -8 -7 -7 -7 -7 -6 -6 -6 -6 -6 -5 -5 -5 -5 -5 -5 -------- Run | Scr Mat Mat Min Exi Min Mat Fac Low Low Dat Pro Fac Low Low Zio Pro Fac Ext Cet Arc Hub Damage Taken 6789 | . . 151 165 . 48 . 91 . . . 31 72 76 126 560 159 248 1012 279 24 3747 Core 1820 | . . . 76 . . . 18 . . . 15 34 . . 502 159 105 170 67 . 674 Absorbed by Shields . | . . . . . . . . . . . . . . . . . . . . . . Core Remaining (%) 82 | 100 100 . . . 81 100 . . . . 95 . . . . 18 . . . . . Volleys Fired 96 | . . . 6 . 5 . 3 . . . . 1 . . . . 3 14 1 6 57 Largest 2 | . . . 1 . 1 . 1 . . . . 1 . . . . 1 1 1 1 2 Hottest 81 | . . . 30 . 30 . 48 . . . . 30 . . . . 30 30 81 35 70 Shots Fired 146 | . . . 6 . 5 . 3 . . . . 1 . . . . 3 14 2 5 107 Gun 114 | . . . . . . . . . . . . . . . . . . . 2 5 107 Cannon 3 | . . . . . . . 3 . . . . . . . . . . . . . . Launcher 29 | . . . 6 . 5 . . . . . . 1 . . . . 3 14 . . . Special . | . . . . . . . . . . . . . . . . . . . . . . Kinetic 116 | . . . . . . . 3 . . . . . . . . . . . 1 5 107 Thermal 1 | . . . . . . . . . . . . . . . . . . . 1 . . Explosive 29 | . . . 6 . 5 . . . . . . 1 . . . . 3 14 . . . Electromagnetic . | . . . . . . . . . . . . . . . . . . . . . . Robot Hit Streak 14 | . . . 4 . 8 . . . . . . . . . . . 9 5 4 4 14 Robot Miss Streak 3 | . . . 1 . . . . . . . . . . . . . 1 1 1 2 3 Penetration Max 1 | . . . . . . . . . . . . . . . . . . . . . 1 Secondary Targets 3 | . . . . . . . . . . . . . . . . . . . . . 3 Max Gunslinging Chain 1 | . . . . . . . . . . . . . . . . . . . . . 1 Shots Hit Robots 126 | . . . 4 . 4 . . . . . 1 . . . . . 1 31 2 4 79 Core Hits 82 | . . . 10 . 6 . . . . . . . . . . . 7 22 2 1 34 Critical Hits 14 | . . . . . . . . . . . . . . . . . . . . 2 12 Critical Kills 2 | . . . . . . . . . . . . . . . . . . . . . 2 Critical Parts Destroyed 12 | . . . . . . . . . . . . . . . . . . . . 2 10 Melee Attacks 47 | . . . . . . . . . . . 1 . . . . . 2 36 5 . 3 Impact . | . . . . . . . . . . . . . . . . . . . . . . Slashing 46 | . . . . . . . . . . . . . . . . . 2 36 5 . 3 Piercing . | . . . . . . . . . . . . . . . . . . . . . . Sneak Attacks 3 | . . . . . . . . . . . 1 . . . . . . 2 . . . Combat Hostiles . | . . . . . . . . . . . . . . . . . . . . . . Follow-up Attacks . | . . . . . . . . . . . . . . . . . . . . . . Damage Inflicted 6488 | . 3 . 482 . 490 1 . . . . . . . 3 . . 311 2194 84 115 2805 Guns 2368 | . . . . . . . . . . . . . . . . . . . 24 115 2229 Cannons . | . . . . . . . . . . . . . . . . . . . . . . Explosions 2848 | . . . 477 . 490 . . . . . . . . . . . 311 1015 . . 555 Melee 1224 | . . . . . . . . . . . . . . . . . . 1164 60 . . Ramming 48 | . 3 . 5 . . 1 . . . . . . . 3 . . . 15 . . 21 Kinetic 2344 | . . . . . . . . . . . . . . . . . . . . 115 2229 Thermal 24 | . . . . . . . . . . . . . . . . . . . 24 . . Explosive 2278 | . . . 477 . 490 . . . . . . . . . . . 296 1015 . . . Electromagnetic 570 | . . . . . . . . . . . . . . . . . 15 . . . 555 Impact . | . . . . . . . . . . . . . . . . . . . . . . Slashing 1224 | . . . . . . . . . . . . . . . . . . 1164 60 . . Piercing . | . . . . . . . . . . . . . . . . . . . . . . Highest Corruption 44 | . . . . . . . 2 2 2 2 2 . . 17 17 1 . 20 20 20 44 Average Corruption 14 | . . . . . . . 2 2 2 2 2 . . 15 4 1 . 14 20 20 23 Corruption Purged . | . . . . . . . . . . . . . . . . . . . . . . Effects 142 | . . . . . . . . . 2 . 2 . . 1 1 1 . 25 15 8 87 Message Errors 22 | . . . . . . . . . . . 1 . . . . . . 4 4 . 13 Matter Fused 24 | . . . . . . . . . . . . . . 1 1 . . 1 5 2 14 Heat Flow Errors 10 | . . . . . . . . . 1 . . . . . . . . 2 1 1 5 Energy Discharges 8 | . . . . . . . . . 1 . 1 . . . . . . 4 . 2 . Parts Rejected 5 | . . . . . . . . . . . . . . . . . . 3 1 . 1 Data Loss (minor) 10 | . . . . . . . . . . . . . . . . 1 . . 1 . 8 Data Loss (major) 3 | . . . . . . . . . . . . . . . . . . . 1 . 2 Misfires 3 | . . . . . . . . . . . . . . . . . . . 1 . 2 Alerts 2 | . . . . . . . . . . . . . . . . . . 2 . . . Misdirections 22 | . . . . . . . . . . . . . . . . . . 6 1 . 15 Targeting Errors 28 | . . . . . . . . . . . . . . . . . . 3 . 2 23 Weapon Failures 5 | . . . . . . . . . . . . . . . . . . . . 1 4 Overload Shots . | . . . . . . . . . . . . . . . . . . . . . . Overflow Damage 314 | . . . 17 . 51 . . . . . . . . . . . 8 207 . . 31 Projectiles . | . . . . . . . . . . . . . . . . . . . . . . Explosions 116 | . . . 17 . 51 . . . . . . . . . . . 8 9 . . 31 Melee 198 | . . . . . . . . . . . . . . . . . . 198 . . . Knockbacks 1 | . . . 1 . . . . . . . . . . . . . . . . . . Impact 1 | . . . 1 . . . . . . . . . . . . . . . . . . Kinetic . | . . . . . . . . . . . . . . . . . . . . . . Secondary . | . . . . . . . . . . . . . . . . . . . . . . Self-Inflicted Damage 379 | . . . 18 . . . . . . . . 16 . 1 . . 108 32 . . 204 Shots 9 | . . . 1 . . . . . . . . 1 . . . . 4 1 . . 2 Rammed 19 | . 3 . 8 . . 2 . . . . . . . 1 . . . 1 . . 4 Targets Rammed 22 | . 4 . 9 . . 2 . . . . . . . 1 . . . 1 . . 5 Kicked . | . . . . . . . . . . . . . . . . . . . . . . Crushed 3 | . 1 . 1 . . . . . . . . . . . . . . . . . 1 Highest Temperature 258 | . . . . . . . . . 258 . . . . . . . . 194 231 102 239 Average Temperature 73 | . . . . . . . . . 136 . . . . . . . . 35 108 66 91 Received Heat Transfer 997 | . . 66 84 . . . 45 . . . . 18 18 . 139 54 36 78 27 . 432 Siege Activations . | . . . . . . . . . . . . . . . . . . . . . . Robots Corrupted 3 | . . . . . . . . . . . . . . . . . . . . . 3 Combat Hostiles 3 | . . . . . . . . . . . . . . . . . . . . . 3 Parts Fried 3 | . . . . . . . . . . . . . . . . . . . . . 3 Impact Corruptions . | . . . . . . . . . . . . . . . . . . . . . . Robots Melted . | . . . . . . . . . . . . . . . . . . . . . . Combat Hostiles . | . . . . . . . . . . . . . . . . . . . . . . Parts Melted . | . . . . . . . . . . . . . . . . . . . . . . Heat Transferred 37 | . . . . . . . . . . . . . . . . . . . 37 . . Parts Sabotaged . | . . . . . . . . . . . . . . . . . . . . . . Parts Stolen . | . . . . . . . . . . . . . . . . . . . . . . Parts Stripped . | . . . . . . . . . . . . . . . . . . . . . . Power Chain Reactions . | . . . . . . . . . . . . . . . . . . . . . . Missiles Intercepted . | . . . . . . . . . . . . . . . . . . . . . . Alert | -11 -10 -9 -9 -9 -8 -8 -7 -7 -7 -7 -6 -6 -6 -6 -6 -5 -5 -5 -5 -5 -5 ------- Run | Scr Mat Mat Min Exi Min Mat Fac Low Low Dat Pro Fac Low Low Zio Pro Fac Ext Cet Arc Hub Peak Influence 1338 | . 35 29 180 . 185 198 255 . . . . 195 . . . . 293 365 180 192 1338 Initial 143 | . . 14 10 . . 72 89 . . . . 32 . . . . 56 143 100 72 67 Average 192 | . 18 25 114 . 139 125 165 . . . . 76 . . . . 98 177 168 168 324 Maximum Alert Level 4 | . . . . . . . 1 . . . . . . . . . 1 1 . . 4 Low Security (%) 71 | 100 100 100 100 . 100 100 86 . . . . 100 . . . . 80 74 100 100 26 Level 1 23 | . . . . . . . 13 . . . . . . . . . 19 25 . . 55 Level 2 1 | . . . . . . . . . . . . . . . . . . . . . 7 Level 3 2 | . . . . . . . . . . . . . . . . . . . . . 8 Level 4 . | . . . . . . . . . . . . . . . . . . . . . 2 Level 5 . | . . . . . . . . . . . . . . . . . . . . . . High Security . | . . . . . . . . . . . . . . . . . . . . . . Max Security . | . . . . . . . . . . . . . . . . . . . . . . Squads Dispatched 20 | . . . . . . 3 2 . . . . 2 . . . . 1 2 . . 10 Investigation 5 | . . . . . . 2 1 . . . . 1 . . . . . 1 . . . Extermination 2 | . . . . . . . . . . . . . . . . . . . . . 2 Reinforcement 8 | . . . . . . 1 1 . . . . 1 . . . . . 1 . . 4 Assault 1 | . . . . . . . . . . . . . . . . . . . . . 1 Garrison 4 | . . . . . . . . . . . . . . . . . 1 . . . 3 Intercept . | . . . . . . . . . . . . . . . . . . . . . . Construction Impeded 2 | . . . . . . . . . . . . . . . . . . . . . 2 Haulers Reinforced . | . . . . . . . . . . . . . . . . . . . . . . Stealth | -11 -10 -9 -9 -9 -8 -8 -7 -7 -7 -7 -6 -6 -6 -6 -6 -5 -5 -5 -5 -5 -5 --------- Run | Scr Mat Mat Min Exi Min Mat Fac Low Low Dat Pro Fac Low Low Zio Pro Fac Ext Cet Arc Hub Distress Signals 7 | . . . . . . . . . . . . 2 . . . . 1 1 1 . 2 Communications Jammed . | . . . . . . . . . . . . . . . . . . . . . . Distress Signals . | . . . . . . . . . . . . . . . . . . . . . . Times Spotted 181 | . 2 5 8 . 6 4 10 . 1 . 1 8 5 7 33 7 8 13 5 4 54 Peak Tracking Total 25 | . 2 5 5 . 3 3 4 . 1 . 1 7 5 7 25 6 6 4 5 1 19 Tactical Retreats 18 | . . . 2 . . . 1 . 1 . . 2 . . 4 3 1 1 . . 3 Traps | -11 -10 -9 -9 -9 -8 -8 -7 -7 -7 -7 -6 -6 -6 -6 -6 -5 -5 -5 -5 -5 -5 ------- Run | Scr Mat Mat Min Exi Min Mat Fac Low Low Dat Pro Fac Low Low Zio Pro Fac Ext Cet Arc Hub Traps Triggered 4 | . . . . . . . 1 . . . . 1 . . . . . 1 . . 1 Indirectly 1 | . . . . . . . . . . . . . . . . . . . . . 1 Trap Hack Attempts . | . . . . . . . . . . . . . . . . . . . . . . Triggered . | . . . . . . . . . . . . . . . . . . . . . . Disarmed . | . . . . . . . . . . . . . . . . . . . . . . Reprogrammed . | . . . . . . . . . . . . . . . . . . . . . . Reused . | . . . . . . . . . . . . . . . . . . . . . . Traps Extracted . | . . . . . . . . . . . . . . . . . . . . . . Installed . | . . . . . . . . . . . . . . . . . . . . . . Triggered 1 | . . . . . . . . . . . . . . 1 . . . . . . . Machines | -11 -10 -9 -9 -9 -8 -8 -7 -7 -7 -7 -6 -6 -6 -6 -6 -5 -5 -5 -5 -5 -5 ---------- Run | Scr Mat Mat Min Exi Min Mat Fac Low Low Dat Pro Fac Low Low Zio Pro Fac Ext Cet Arc Hub Machines Disabled 34 | . . . 1 . . . . . . . . . . . . . 6 3 1 2 21 Max in Single Turn 11 | . . . 1 . . . . . . . . . . . . . 4 1 1 1 11 Garrison Access 1 | . . . . . . . . . . . . . . . . . . . . . 1 Network Hub 3 | . . . . . . . . . . . . . . . . . . . . . 3 Machines Sabotaged . | . . . . . . . . . . . . . . . . . . . . . . Garrisons Compromised . | . . . . . . . . . . . . . . . . . . . . . . Overloaded Fab Kills . | . . . . . . . . . . . . . . . . . . . . . . Fab Network Shutdowns . | . . . . . . . . . . . . . . . . . . . . . . Hacking | -11 -10 -9 -9 -9 -8 -8 -7 -7 -7 -7 -6 -6 -6 -6 -6 -5 -5 -5 -5 -5 -5 --------- Run | Scr Mat Mat Min Exi Min Mat Fac Low Low Dat Pro Fac Low Low Zio Pro Fac Ext Cet Arc Hub Machines Accessed 29 | . . 1 . 2 . 5 5 . . 4 . 3 . . . . 1 3 2 . 3 Terminals 21 | . . 1 . . . 4 5 . . . . 2 . . . . 1 3 2 . 3 Fabricators . | . . . . . . . . . . . . . . . . . . . . . . Repair Stations . | . . . . . . . . . . . . . . . . . . . . . . Recycling Units 2 | . . . . . . 1 . . . . . 1 . . . . . . . . . Scanalyzers . | . . . . . . . . . . . . . . . . . . . . . . Garrison Access . | . . . . . . . . . . . . . . . . . . . . . . Total Hacks 114 | . . 4 . 2 . 20 33 . . 28 . 8 . . . . 1 9 2 . 7 Successful 62 | . . . . 2 . 5 15 . . 28 . 7 . . . . 1 1 1 . 2 Failed 52 | . . 4 . . . 15 18 . . . . 1 . . . . . 8 1 . 5 Catastrophic 8 | . . 1 . . . 4 1 . . . . 1 . . . . . . . . 1 Database Lockouts . | . . . . . . . . . . . . . . . . . . . . . . Manual 51 | . . . . 1 . 15 26 . . . . 5 . . . . . 4 . . . Terminals 80 | . . 4 . . . 17 33 . . . . 7 . . . . 1 9 2 . 7 Fabricators . | . . . . . . . . . . . . . . . . . . . . . . Repair Stations . | . . . . . . . . . . . . . . . . . . . . . . Recycling Units 4 | . . . . . . 3 . . . . . 1 . . . . . . . . . Scanalyzers . | . . . . . . . . . . . . . . . . . . . . . . Garrison Access . | . . . . . . . . . . . . . . . . . . . . . . Terminal Hacks 56 | . . . . 2 . 4 12 . . 28 . 5 . . . . 1 1 1 . 2 Record 13 | . . . . 1 . . . . . 11 . . . . . . . . 1 . . Part Schematic 8 | . . . . . . . . . . 8 . . . . . . . . . . . Robot Schematic 6 | . . . . . . . . . . 6 . . . . . . . . . . . Robot Analysis 4 | . . . . . . . 4 . . . . . . . . . . . . . . Prototype ID Bank 3 | . . . . . . . . . . 3 . . . . . . . . . . . Open Door 1 | . . . . . . . . . . . . . . . . . 1 . . . . Level Access Points 1 | . . . . . . 1 . . . . . . . . . . . . . . . Branch Access Points 2 | . . . . . . . 1 . . . . 1 . . . . . . . . . Terminal Index 2 | . . . . . . 1 1 . . . . . . . . . . . . . . Unreport Threat 2 | . . . . . . . . . . . . 2 . . . . . . . . . Locate Traps 6 | . . . . . . 1 3 . . . . 1 . . . . . 1 . . . Hauler Manifests 1 | . . . . . . . 1 . . . . . . . . . . . . . . Registered Components 1 | . . . . . . . 1 . . . . . . . . . . . . . . Zone Layout 5 | . . . . . . 1 1 . . . . 1 . . . . . . . . 2 EX-Prototype ID Bank 1 | . . . . 1 . . . . . . . . . . . . . . . . . Fabricator Hacks . | . . . . . . . . . . . . . . . . . . . . . . Repair Station Hacks . | . . . . . . . . . . . . . . . . . . . . . . Recycling Unit Hacks . | . . . . . . . . . . . . . . . . . . . . . . Scanalyzer . | . . . . . . . . . . . . . . . . . . . . . . Garrison Access Hacks . | . . . . . . . . . . . . . . . . . . . . . . Unauthorized Hacks 6 | . . . . . . 1 3 . . . . 2 . . . . . . . . . Terminals 5 | . . . . . . 1 3 . . . . 1 . . . . . . . . . Assimilate 1 | . . . . . . . 1 . . . . . . . . . . . . . . Botnet 3 | . . . . . . 1 1 . . . . 1 . . . . . . . . . Operators 1 | . . . . . . . 1 . . . . . . . . . . . . . . Fabricators . | . . . . . . . . . . . . . . . . . . . . . . Repair Stations . | . . . . . . . . . . . . . . . . . . . . . . Recycling Units 1 | . . . . . . . . . . . . 1 . . . . . . . . . Tunnel 1 | . . . . . . . . . . . . 1 . . . . . . . . . Scanalyzers . | . . . . . . . . . . . . . . . . . . . . . . Garrison Access . | . . . . . . . . . . . . . . . . . . . . . . Data Cores Recovered . | . . . . . . . . . . . . . . . . . . . . . . Used . | . . . . . . . . . . . . . . . . . . . . . . Hacking Detections 20 | . . 1 . . . 5 4 . . . . 2 . . . . 1 3 1 . 3 Full Trace Events 5 | . . 1 . . . 2 1 . . . . . . . . . . 1 . . . Feedback Events . | . . . . . . . . . . . . . . . . . . . . . . Feedback Blocked . | . . . . . . . . . . . . . . . . . . . . . . Robot Schematics Acquired 6 | . . . . . . . . . . 6 . . . . . . . . . . . Robots Built . | . . . . . . . . . . . . . . . . . . . . . . Matter . | . . . . . . . . . . . . . . . . . . . . . . Time . | . . . . . . . . . . . . . . . . . . . . . . Total Robot Build Rating . | . . . . . . . . . . . . . . . . . . . . . . Part Schematics Acquired 8 | . . . . . . . . . . 8 . . . . . . . . . . . Parts Built . | . . . . . . . . . . . . . . . . . . . . . . Matter . | . . . . . . . . . . . . . . . . . . . . . . Time . | . . . . . . . . . . . . . . . . . . . . . . Total Part Build Rating . | . . . . . . . . . . . . . . . . . . . . . . Parts Repaired . | . . . . . . . . . . . . . . . . . . . . . . Time . | . . . . . . . . . . . . . . . . . . . . . . Parts Recycled . | . . . . . . . . . . . . . . . . . . . . . . Recycled Matter . | . . . . . . . . . . . . . . . . . . . . . . Retrieved Matter . | . . . . . . . . . . . . . . . . . . . . . . Retrieved Components . | . . . . . . . . . . . . . . . . . . . . . . Parts Scanalyzed . | . . . . . . . . . . . . . . . . . . . . . . Part Schematics Acquired . | . . . . . . . . . . . . . . . . . . . . . . Parts Damaged . | . . . . . . . . . . . . . . . . . . . . . . Bothacking | -11 -10 -9 -9 -9 -8 -8 -7 -7 -7 -7 -6 -6 -6 -6 -6 -5 -5 -5 -5 -5 -5 ------------ Run | Scr Mat Mat Min Exi Min Mat Fac Low Low Dat Pro Fac Low Low Zio Pro Fac Ext Cet Arc Hub Used RIF Installer . | . . . . . . . . . . . . . . . . . . . . . . Robots Hacked 1 | . . . . . . . . . . . 1 . . . . . . . . . . Non-combat . | . . . . . . . . . . . . . . . . . . . . . . Combat 1 | . . . . . . . . . . . 1 . . . . . . . . . . Robot Hacks Applied 1 | . . . . . . . . . . . 1 . . . . . . . . . . parse_system 1 | . . . . . . . . . . . 1 . . . . . . . . . . Relay Couplers Released 2 | . . . . . . . . . . . . . . . . . . . . . 2 Machine Destruction 2 | . . . . . . . . . . . . . . . . . . . . . 2 Robots Rewired . | . . . . . . . . . . . . . . . . . . . . . . Allies Hacked . | . . . . . . . . . . . . . . . . . . . . . . Hacks Repelled . | . . . . . . . . . . . . . . . . . . . . . . Allies | -11 -10 -9 -9 -9 -8 -8 -7 -7 -7 -7 -6 -6 -6 -6 -6 -5 -5 -5 -5 -5 -5 -------- Run | Scr Mat Mat Min Exi Min Mat Fac Low Low Dat Pro Fac Low Low Zio Pro Fac Ext Cet Arc Hub Total Allies 11 | . . . . . . . . . . . 1 . . . . . . 10 . . . Largest Group 6 | . . . . . . . . . . . 1 1 . . . . . 6 6 3 2 Highest-Rated Group 193 | . . . . . . . . . . . 94 94 . . . . . 193 193 100 69 Highest-Rated Ally 94 | . . . . . . . . . . . 94 94 . . . . . 37 37 37 37 Total Orders . | . . . . . . . . . . . . . . . . . . . . . . Ally Attacks 124 | . . . . . . . . . . . 4 5 . . . . . 44 34 21 16 Total Damage 1971 | . . . . . . . . . . . 157 231 . . . . . 676 453 289 165 Kills 20 | . . . . . . . . . . . 2 3 . . . . . 4 5 4 2 Allies Corrupted . | . . . . . . . . . . . . . . . . . . . . . . Allies Melted . | . . . . . . . . . . . . . . . . . . . . . . Intel | -11 -10 -9 -9 -9 -8 -8 -7 -7 -7 -7 -6 -6 -6 -6 -6 -5 -5 -5 -5 -5 -5 ------- Run | Scr Mat Mat Min Exi Min Mat Fac Low Low Dat Pro Fac Low Low Zio Pro Fac Ext Cet Arc Hub Robot Analysis Total 4 | . . . . . . . 4 . . . . . . . . . . . . . . Derelict Logs Recovered 4 | . . . . . . . . . 1 . 2 . 1 . . . . . . . . Drone Launches 2 | . . . . . . . . . . . . . . . . . 2 . . . . Drone Recoveries 1 | . . . . . . . . . . . . . . . . . 1 . . . . Exploration | -11 -10 -9 -9 -9 -8 -8 -7 -7 -7 -7 -6 -6 -6 -6 -6 -5 -5 -5 -5 -5 -5 ------------- Run | Scr Mat Mat Min Exi Min Mat Fac Low Low Dat Pro Fac Low Low Zio Pro Fac Ext Cet Arc Hub Turns Passed 4228 | 3 69 42 155 116 53 144 287 73 90 29 145 188 150 110 277 176 196 708 250 117 850 Spaces Moved 5537 | 1 104 81 243 218 80 299 698 198 215 78 158 352 370 259 551 207 214 485 135 59 532 Core 2046 | 1 104 81 238 218 80 63 . . . . . . . 39 551 207 214 34 . . 216 Treads 486 | . . . 2 . . . . . . . . . . . . . . . 111 59 314 Legs . | . . . . . . . . . . . . . . . . . . . . . . Wheels . | . . . . . . . . . . . . . . . . . . . . . . Hover 475 | . . . . . . . . . . . . . . . . . . 451 24 . . Flight 2530 | . . . 3 . . 236 698 198 215 78 158 352 370 220 . . . . . . 2 Fastest Speed 37 | 50 50 50 50 50 50 37 37 37 37 37 37 40 40 40 50 50 50 50 70 160 40 Average Speed 56 | 50 50 50 51 50 50 39 37 37 37 37 37 40 40 41 50 50 50 72 147 160 115 Slowest Speed 200 | 50 50 50 160 50 50 50 37 37 37 37 40 40 40 50 50 50 50 200 160 160 163 Overloaded Moves . | . . . . . . . . . . . . . . . . . . . . . . Propulsion Burnouts . | . . . . . . . . . . . . . . . . . . . . . . Robots Hopped 51 | . . . 2 . . 7 27 2 4 . . 8 . 1 . . . . . . . Cave-ins Triggered 2 | . . . . . . . . . . . . . . . . . . 2 . . . Exploration Rate (%) 44 | 2 30 15 57 61 27 32 31 38 49 74 39 15 67 42 65 56 8 69 64 77 70 Regions Visited 21 Branch Regions 15 Pre-discovered Areas 5 | . . . 1 1 . . . . . 1 . 1 1 . . . . . . . . Known Exits Taken 4 | . . . . . . 1 1 . . . . 1 1 . . . . . . . . Unknown Exits Taken 17 | 1 1 1 1 1 1 . . 1 1 1 1 . . 1 1 1 1 1 1 1 . Scrap Searched 10 | . . . 1 . . . . . 2 . . . 2 1 3 1 . . . . . Spaces Dug 33 | . . . . . 7 . 1 . . . . 8 . . . . 2 12 . . 3 Terrain Destroyed 601 | . . . 54 . 47 . 1 . . . . 8 . . . . 19 109 2 1 360 Melee 17 | . . . . . . . . . . . . . . . . . 2 12 . . 3 Projectile 33 | . . . . . . . 1 . . . . . . . . . . . 2 1 29 AOE 551 | . . . 54 . 47 . . . . . . 8 . . . . 17 97 . . 328 Terrain Rammed . | . . . . . . . . . . . . . . . . . . . . . . Walls Destroyed . | . . . . . . . . . . . . . . . . . . . . . . Machines Disabled . | . . . . . . . . . . . . . . . . . . . . . . Actions | -11 -10 -9 -9 -9 -8 -8 -7 -7 -7 -7 -6 -6 -6 -6 -6 -5 -5 -5 -5 -5 -5 --------- Run | Scr Mat Mat Min Exi Min Mat Fac Low Low Dat Pro Fac Low Low Zio Pro Fac Ext Cet Arc Hub Total 6341 | 5 119 81 258 225 88 314 695 195 220 77 241 388 371 259 551 278 295 768 175 78 660 Wait 571 | . 4 . 1 . . 15 11 . 9 . 82 42 2 1 1 72 64 211 16 2 38 Move 5417 | . 103 80 239 217 79 284 645 193 206 77 157 336 369 256 550 206 213 483 134 58 532 Hop 47 | . . . 1 . . 7 25 2 4 . . 7 . 1 . . . . . . . Pick Up 16 | . 3 . . 1 . . 1 . . . . . . . . . . 4 1 3 3 Fast Attach 43 | . . 1 . 2 . 4 4 . 1 . 1 2 . . . . 5 11 11 1 . Attach 24 | . 2 . . 1 2 . 1 . . . . . . . . . 4 4 2 3 5 Detach 13 | 1 . . . . 2 . . . . . . . . . . . 3 . 3 1 3 Swap 7 | . . . 2 . . . . . . . . . . . . . . . . . 5 Drop 32 | 4 3 . . 4 . 2 2 . . . . . . . . . 1 1 2 4 9 Fire 96 | . . . 6 . 5 . 3 . . . . 1 . . . . 3 14 1 6 57 Melee 47 | . . . . . . . . . . . 1 . . . . . 2 36 5 . 3 Ram 5 | . . . . . . . . . . . . . . 1 . . . 1 . . 3 Kick . | . . . . . . . . . . . . . . . . . . . . . . Crush 17 | . 4 . 9 . . 2 . . . . . . . . . . . . . . 2 Escape Stasis 3 | . . . . . . . . . . . . . . . . . . 3 . . . Rewire 3 | . . . . . . . 3 . . . . . . . . . . . . . . Trap . | . . . . . . . . . . . . . . . . . . . . . . Miscellaneous . | . . . . . . . . . . . . . . . . . . . . . . Route ------- -11/Scrapyard -10/Materials -9/Materials -9/Mines (discovered 2 exits: *Mat / *Exi) -9/Exiles (discovered 2 exits: [*Min x2]) -8/Mines -8/Materials (discovered 3 exits: *Fac x3) -7/Factory (discovered 4 exits: *Fac / Sto / *Low x2) -7/Lower Caves -7/Lower Caves -7/Data Miner -6/Proximity Caves -6/Factory (discovered 2 exits: *Low x2) -6/Lower Caves -6/Lower Caves -6/Zion -5/Proximity Caves -5/Factory (discovered 2 exits: Upp / *Ext) -5/Extension (discovered 2 exits: [*Fac] / *Cet) -5/Cetus -5/Archives (discovered 2 exits: [*Fac] / *Hub) -5/Hub_04(d) (discovered 3 exits: [*Fac x3]) History --------- Turn | Location | Event 4 | -11/Scrapyard | Discovered new exit (range 0) 4 | -11/Scrapyard | Entered Materials 65 | -10/Materials | Discovered new exit (range 15) 73 | -10/Materials | Entered another Materials area 73 | -9/Materials | Evolved 2 slots: Propulsion x1, Utility x1 113 | -9/Materials | Discovered new exit (range 5) 115 | -9/Materials | Entered Mines 118 | -9/Mines | Discovered new exit (range 10) 161 | -9/Mines | Learned location of Storage (-7) 268 | -9/Mines | Deemed a non-threat by the Exiles lab entrance 268 | -9/Mines | Discovered new exit (range 5) 270 | -9/Mines | Entered Exiles 278 | -9/Exiles | Discovered new exit (range 15) 284 | -9/Exiles | Met 8R-AWN 292 | -9/Exiles | Met EX-HEX 305 | -9/Exiles | Met EX-BIN 311 | -9/Exiles | Aligned with FarCom system 311 | -9/Exiles | Given EX-Vault access code 317 | -9/Exiles | Build established: Mutant 323 | -9/Exiles | Opened EX-Vault 325 | -9/Exiles | Found Modified TNC 331 | -9/Exiles | Found Chronowheel 331 | -9/Exiles | Activated Chronowheel 334 | -9/Exiles | Found Supersonic Drone Bay 345 | -9/Exiles | Warned to stay clear of 0b10 Research branches 362 | -9/Exiles | Met EX-DEC 365 | -9/Exiles | Learned location of Zion (-6) 382 | -9/Exiles | Discovered new exit (range 10) 386 | -9/Exiles | Left Exiles lab with Supersonic Drone Bay 386 | -9/Exiles | Entered Mines 430 | -8/Mines | Discovered new exit (range 15) 439 | -8/Mines | Entered Materials 439 | -8/Materials | Evolved 2 slots: Propulsion x1, Utility x1 537 | -8/Materials | Identified exit to Factory 583 | -8/Materials | Entered Factory 583 | -7/Factory | Evolved 2 slots: Propulsion x1, Utility x1 761 | -7/Factory | Identified exit to Storage 761 | -7/Factory | Identified exit to Lower Caves 827 | -7/Factory | Discovered new exit (range 9) 870 | -7/Factory | Entered Lower Caves 940 | -7/Lower Caves | Discovered new exit (range 9) 943 | -7/Lower Caves | Entered another Lower Caves area 959 | -7/Lower Caves | Encountered a Warlord checkpoint 972 | -7/Lower Caves | P-60 Hacker assimilated allied TW-SXC(b) 973 | -7/Lower Caves | P-60 Hacker assimilated allied F9-6II(M) 1013 | -7/Lower Caves | Build established: Hacker-Mutant 1027 | -7/Lower Caves | Discovered new exit (range 13) 1033 | -7/Lower Caves | Entered Data Miner 1033 | -7/Data Miner | Discovered new exit (range 6) 1038 | -7/Data Miner | Met Data Miner 1048 | -7/Data Miner | Learned location of Section 7 (-2) 1048 | -7/Data Miner | Acquired the access code to Warlord's prototype stash 1053 | -7/Data Miner | Received God Mode back door access code from Data Miner 1062 | -7/Data Miner | Entered Proximity Caves 1072 | -6/Proximity Caves | Escorted by Enhanced Grunt 1114 | -6/Proximity Caves | Learned Factory garrison access intel 1119 | -6/Proximity Caves | Learned 4 Factory zone layouts 1127 | -6/Proximity Caves | Discovered new exit (range 14) 1207 | -6/Proximity Caves | Entered Factory 1207 | -6/Factory | Accompanied by 1 ally 1207 | -6/Factory | Evolved 2 slots: Utility x2 1209 | -6/Factory | Loaded intel: 4 garrison access locations 1307 | -6/Factory | Identified exit to Lower Caves 1395 | -6/Factory | Entered Lower Caves 1540 | -6/Lower Caves | Discovered new exit (range 9) 1545 | -6/Lower Caves | Identified exit to Lower Caves 1545 | -6/Lower Caves | Entered another Lower Caves area 1647 | -6/Lower Caves | Attacked by a faux Warlord 1651 | -6/Lower Caves | System corruption reached 10% 1651 | -6/Lower Caves | Discovered new exit (range 7) 1655 | -6/Lower Caves | Entered Zion 1683 | -6/Zion | Lost 6 parts (2n3u1w) 1683 | -6/Zion | System corruption cleaned by Quarantine Array 1704 | -6/Zion | Discovered new exit (range 12) 1828 | -6/Zion | Rebuked by Imprinter 1837 | -6/Zion | Attempted to imprint without authorization 1837 | -6/Zion | Attacked by Zionites 1902 | -6/Zion | Spotted 3G-RWJ(B) 1907 | -6/Zion | Spotted ZR-UOU(B) 1910 | -6/Zion | Core integrity fell below 50% 1932 | -6/Zion | Entered Proximity Caves 1959 | -5/Proximity Caves | Spotted B-75 Beast 1977 | -5/Proximity Caves | Core integrity fell below 20% 2031 | -5/Proximity Caves | Discovered new exit (range 21) 2108 | -5/Proximity Caves | Entered Factory 2108 | -5/Factory | Evolved 2 slots: Utility x2 2109 | -5/Factory | Identified exit to Upper Caves 2141 | -5/Factory | Build established: Mutant 2263 | -5/Factory | Garrison activated, responded to threat 2302 | -5/Factory | Discovered new exit (range 6) 2304 | -5/Factory | Entered Extension 2597 | -5/Extension | Lost 4 parts (1n3u) 2638 | -5/Extension | Rescued a captive Derelict 2638 | -5/Extension | Rescued a captive Derelict 2660 | -5/Extension | Rescued a captive Derelict 2694 | -5/Extension | Rescued a captive Derelict 2702 | -5/Extension | Rescued a captive Derelict 2704 | -5/Extension | Rescued a captive Derelict 2718 | -5/Extension | Crushed by falling debris 2718 | -5/Extension | System corruption reached 10% 2735 | -5/Extension | Crushed by falling debris 2766 | -5/Extension | Lost 5 parts (1p3n1u) 2884 | -5/Extension | Rescued a captive Derelict 2885 | -5/Extension | Rescued a captive Derelict 2892 | -5/Extension | Rescued a captive Derelict 2892 | -5/Extension | Rescued a captive Derelict 2952 | -5/Extension | Discovered new exit (range 16) 2954 | -5/Extension | Discovered new exit (range 10) 3012 | -5/Extension | Entered Cetus 3012 | -5/Cetus | Accompanied by 6 allies 3030 | -5/Cetus | Spotted Cetus Guard 3030 | -5/Cetus | Spotted Cetus Guard 3033 | -5/Cetus | Spotted Cetus Guard 3035 | -5/Cetus | Spotted Cetus Guard 3035 | -5/Cetus | Allies destroyed Cetus Guard 3042 | -5/Cetus | Allies destroyed Cetus Guard 3049 | -5/Cetus | Destroyed Cetus Guard 3056 | -5/Cetus | Allies destroyed Cetus Guard 3195 | -5/Cetus | Found a strange terminal 3224 | -5/Cetus | Discovered new exit (range 22) 3262 | -5/Cetus | Entered Archives 3262 | -5/Archives | Accompanied by 3 allies 3313 | -5/Archives | Discovered new exit (range 15) 3319 | -5/Archives | Build established: Scavenger-Assassin 3346 | -5/Archives | Discovered new exit (range 15) 3379 | -5/Archives | Entered Hub_04(d) 3379 | -5/Hub_04(d) | Accompanied by 2 allies 3459 | -5/Hub_04(d) | Garrison activated, responded to threat 3544 | -5/Hub_04(d) | Discovered new exit (range 5) 3615 | -5/Hub_04(d) | Discovered new exit (range 6) 3628 | -5/Hub_04(d) | Build established: Scavenger-Mutant 3679 | -5/Hub_04(d) | Network Hub disabled 3802 | -5/Hub_04(d) | Discovered new exit (range 16) 4080 | -5/Hub_04(d) | Spotted Lightning 4082 | -5/Hub_04(d) | Spotted Lightning 4084 | -5/Hub_04(d) | Spotted Lightning 4125 | -5/Hub_04(d) | Lost 3 parts (2u1w) 4138 | -5/Hub_04(d) | Network Hub disabled 4138 | -5/Hub_04(d) | Spotted Lightning 4141 | -5/Hub_04(d) | Spotted Lightning 4142 | -5/Hub_04(d) | System corruption reached 30% 4146 | -5/Hub_04(d) | Spotted Lightning 4199 | -5/Hub_04(d) | Spotted Lightning 4205 | -5/Hub_04(d) | Spotted Lightning 4205 | -5/Hub_04(d) | Spotted Lightning 4210 | -5/Hub_04(d) | Network Hub disabled 4212 | -5/Hub_04(d) | Core integrity fell below 50% 4223 | -5/Hub_04(d) | Spotted Lightning 4224 | -5/Hub_04(d) | Spotted Lightning 4225 | -5/Hub_04(d) | Spotted Lightning 4226 | -5/Hub_04(d) | Core integrity fell below 20% 4229 | -5/Hub_04(d) | Destroyed by G-67 Veteran with Plasma Rifle Last Messages --------------- 04217_ Penetrated by EMDS Slug. 04218_ EMDS Slug penetrates Wall. 04218_ Centrium Heavy Treads destroyed. 04222_ EMDS Slug penetrates Wall. 04222_ C-30 ARC bursts open, deploying its payload. 04222_ G-67 Veteran unfolds itself. 04222_ B-60 Warrior unfolds itself. 04222_ L-41 Fighter unfolds itself. 04222_ M-28 Smith unfolds itself. 04224_ Penetrated by EMDS Slug. 04224_ EMDS Slug penetrates Door. 04225_ Penetrated by EMDS Slug. 04226_ BSYIL>Q/H7YTPMJZ,,Q/9 04226_ EMDS Slug penetrates Wall. 04227_ EMDS Slug penetrates Control Node. 04227_ Control Node disabled. 04229_ Penetrated by EMDS Slug. 04229_ EMDS Slug penetrates Control Node. 04229_ Field Propulsion Drive destroyed. 04229_ EMDS Slug penetrates Wall. Map ----- +----------------------------------------------------+ | ???????# " """# ##########/##??????### | | ???????# " " # #???????? ????????? | | ???????# " " # #???????? ???????? | | ???????# " " # #????????"" ??????? | | ???????# " ! =" ## ##???????"" ?????? | | ???????# """""""""|%!"# !#####??""" #????? | | ???????# """"""""=%! " #???" #????? | | ??########## T +???? #????? | | ??# # % """ ### ?????? ?#????? | | ??# # """""""""#####???????#####?????? | | ??# ! # "=%= [*% +?????????????????? | | ??# # #|! = #?????????????????? | | ??# = < + # " #?????????????????? | | ??# # + " #?????????????????? | | ??# # h# #?????????????????? | | ??# #i h # ?#?????????????????? | | ??# # %# ???????????????????? | | ######/#####h # ! ?????????????????????? | | # + ! # C %= ????????????????????????? | | #" # + ??????????????????????????? | | #" # " [! # ""???????????????????????????? | | #" *# " !! # ""???????????????????????????? | | # # " ###????????????????????????????? | | #" # ##################????????????? | | #" # ?????????????? | | #" #### ^b l @ #?????????????????"??? | | # #??#%mg ### #?????????????????""?? | | #" #??#" b ### #?????????????????""?? | | #" #??# ##" " ""#??????????????? ?? | | #" ???# ## h T"#???????????????#+#? | | ? ???# ##" ""#???????????????# #? | | ?####???# ######"### h ###???????????????# #? | | ????????# #?# h # ################### ## | | ????????# #?# h# [ h | | ????????# #?# h#### % | | ????????# #?# ! *#??# % ########+######### | | ?######## #?# #??# # w #??????## !! | | ?# # #?# #??# hh """ """ #???????# | | ?#""" # ########i#### ####h #???????# ## | | ?#"T + #??###########???????# #? | | ?#""" # #""##/#### #???????????????????##/## | | ?# # # #?# #???????????????????# | | ?# ! + + ] ### ##??????????????????# " | | ?############# ! " #??????????????????# " | | ???????????### < g### +??????????????????# | | ???????????# # #?# ???????????????????# | | ???????????# " #?# ???????????????????# " | | ???#"##"####""""#/##### #??????????????????# " | | ???# " #??????????????????# " * | | ???# " #??????????????????# | +----------------------------------------------------+ Best States ------------- Heat Dissipation 97 Energy Generation 25 Energy Capacity 350 Matter Stores 300 Matter Capacity 300 Sight Range 22 Terrain Scan Density 10 Armor Coverage 1200 Evasion (%) 62 Melee Accuracy 18 Core Analysis 6 Armor Integrity Analysis 33 Recoil Reduction 5 Offensive Hacking 10 Defensive Hacking 20 Item Schematics ----------------- Combat Drone Bay | -7/Data Miner | Free Lgt. Regenerative Plating | -7/Data Miner | Free Cmb. Gravmag System | -7/Data Miner | Free Exp. Sensor Array | -7/Data Miner | Free Exp. Terrain Scan Processor | -7/Data Miner | Free Cloaking Device | -7/Data Miner | Free Plasma Sword | -7/Data Miner | Free Kinetic Spear | -7/Data Miner | Free Robot Schematics ------------------ S-27 Virus | -7/Data Miner | Free G-50 Soldier | -7/Data Miner | Free X-72 Disruptor | -7/Data Miner | Free G-67 Veteran | -7/Data Miner | Free P-70 Sage | -7/Data Miner | Free I-36 Angel | -7/Data Miner | Free Fabricated ------------ Nothing Alien Tech Used ----------------- None Achievements -------------- None Challenges ------------ None Game ------ Seed ImpulseMiningArmor Manual? 0 Play Time 01:06:16 Cumulative 766.5 hours Start 2020.10.31 @ 09:42:54 End 2020.10.31 @ 11:06:01 Sessions 1 Manual Loads 0 Difficulty Rogue Special Mode Halloween2020/ForbiddenLore Game No. 491 Rogue 491 Adventurer 0 Explorer 0 Win Type - Total 112 Types 76/7/8/10/5/1/4/0/1 Lore% 96 Gallery% 94 Achievement% 81 Wizard Run 0 Options --------- ASCII 0 Keyboard 0 Movement Numpad Keybinds 0 Fullscreen 2 Font 18/SmallcapsGlow Map View 76x50 Tactical HUD 1 Map Filters NONE Filters NONE Steam 1 RUN: 5be4ff34-e833-4dd4-a648-6d21c8bc27ac